 Dungeon Crawl Stone Soup version 0.25-a0-36-g303dd5b1f4 (webtiles) character file.

Game seed: 14723881100859634686, levelgen mode: deterministic

107 Fingolfin the Magician (level 4, -2/36 HPs)
             Began as a Naga Wizard on Oct 20, 2019.
             Slain by an adder (4 damage)
             ... on level 3 of the Dungeon.
             The game lasted 00:05:54 (2385 turns).

Fingolfin the Magician (Naga Wizard)                Turns: 2385, Time: 00:05:55

Health: -2/36      AC:  2    Str:  9    XL:     4   Next: 86%
Magic:  1/9        EV: 10    Int: 20    God:
Gold:   143        SH:  0    Dex:  9    Spells: 1/10 levels left

rFire    . . .     SeeInvis +   c - +0 dagger
rCold    . . .     Gourm    .   (no shield)
rNeg     . . .     Faith    .   a - +0 robe
rPois    +         Spirit   .   b - +0 hat
rElec    .         Reflect  .   (no cloak)
rCorr    .         Harm     .   (no gloves)
MR       .....                  (no barding)
Stlth    ++........             (no amulet)
HPRegen  0.12/turn              (no ring)
MPRegen  0.11/turn              (no ring)

@: lethally poisoned (-2 -> -13), very slightly contaminated, very slow
A: large, see invisible, deformed body, poison resistance, slowness 2, slow
metabolism 1, spit poison 1, AC +1
a: Spit Poison


You were on level 3 of the Dungeon.
You were not hungry.

You visited 1 branch of the dungeon, and saw 3 of its levels.

You collected 143 gold pieces.

Inventory:

Hand Weapons
 c - a +0 dagger (weapon)
Armour
 a - a +0 robe (worn)
 b - a +0 hat (worn)
Scrolls
 f - 9 scrolls of identify {unknown}
 g - a scroll of enchant weapon {unknown}
 h - a scroll of enchant armour {unknown}
 i - a scroll of noise {unknown}
Comestibles
 d - 9 rations
 j - a chunk of flesh


   Skills:
 - Level 1.5 Dodging
 - Level 3.0 Stealth
 - Level 3.5 Spellcasting
 + Level 2.5 Conjurations
   Level 1.0 Summonings
 + Level 1.6 Translocations
 + Level 1.3 Fire Magic
 + Level 1.1 Air Magic
 + Level 1.7 Poison Magic


You had one spell level left.
You knew the following spells:

 Your Spells              Type           Power        Failure   Level  Hunger
a - Magic Dart            Conj           ##..         4%          1    None
b - Blink                 Tloc           N/A          11%         2    ##.....
c - Conjure Flame         Conj/Fire      ##......     19%         3    ###....
d - Mephitic Cloud        Conj/Pois/Air  ##......     19%         3    ###....

Your spell library contained the following spells:

 Spells                   Type           Power        Failure   Level  Hunger
 Apportation              Tloc           ##....       7%          1    None
 Summon Small Mammal      Summ           #...         9%          1    None
 Animate Skeleton         Necr           N/A          14%         1    None
 Confusing Touch          Hex            #.....       14%         1    None
 Corona                   Hex            #......      14%         1    None
 Call Imp                 Summ           #.......     14%         2    ##.....
 Ensorcelled Hibernation  Hex/Ice        #.....       21%         2    ##.....
 Slow                     Hex            #.......     21%         2    ##.....
 Dazzling Spray           Conj/Hex       #.....       24%         3    ###....
 Confuse                  Hex            #.......     38%         3    ###....
 Tukima's Dance           Hex            #.......     38%         3    ###....


Dungeon Overview and Level Annotations

Branches:
Dungeon (3/15)

Altars:


Innate Abilities, Weirdness & Mutations

You cannot wear boots.
Your serpentine skin is tough. (AC +1)
You have supernaturally acute eyesight. (SInv)
Armour fits poorly on your strangely shaped body.
Your system is resistant to poisons. (rPois)
You cover ground very slowly.
You have a slow metabolism.
You can spit poison.


Message History

Press: ? - help, Shift-Dir - straight line, f/p - adder
Aim: an adder (severely wounded)
The magic dart hits the adder.
The adder is almost dead.
* * * LOW HITPOINT WARNING * * *
You feel sick. The adder bites you.
* * * LOW HITPOINT WARNING * * *
The adder bites you.
* * * LOW HITPOINT WARNING * * *
You aren't carrying any potions.
Casting: Magic Dart (safe; 4% risk of failure)
Confirm with . or Enter, or press ? or * to list all spells.
Aiming: Magic Dart (safe; 4% risk of failure)
Press: ? - help, Shift-Dir - straight line, f/p - adder
Aim: an adder (almost dead)
The magic dart hits the adder but does no damage.
The adder is almost dead.
* * * LOW HITPOINT WARNING * * *
You feel sick. The adder bites you.
You die...

#.##.###.##(#####.##
#.##..#.###.#.......
##..(..............#.
#.......####......##.
#.#####.######.##.##.
##.#####.........#....
#.....# .######.......
#..##.# .# ##)#####
#..##@# .# #.#
#.....S..# ##.##
#.###.#### #..<# ..
#/# #..รท# ### #.#
#...# # #.# #...# ##
... ######...###. #.#
.#...........#
.............##


You could see an adder.

Vanquished Creatures
  The ghost of forest the Sneak, a weakling SpAs (D:3)
  An adder (D:2)
  2 worms (D:2)
  A dart slug (D:1)
  4 giant cockroaches
  7 goblins
  14 hobgoblins
  2 jackals (D:3)
  5 kobolds
  A ball python (D:1)
  5 bats
  2 frilled lizards (D:1)
  8 rats
53 creatures vanquished.

Notes
Turn   | Place    | Note
-------+----------+-------------------------------------------
     0 | D:1      | Fingolfin the Naga Wizard began the quest for the Orb.
     0 | D:1      | Reached XP level 1. HP: 15/15 MP: 4/4
   103 | D:1      | Reached XP level 2. HP: 22/22 MP: 3/6
   619 | D:1      | Reached XP level 3. HP: 28/28 MP: 8/8
   623 | D:1      | Learned a level 2 spell: Blink
   627 | D:1      | Learned a level 3 spell: Conjure Flame
   631 | D:1      | Learned a level 3 spell: Mephitic Cloud
  1445 | D:2      | Reached skill level 1 in Poison Magic
  1580 | D:2      | Reached XP level 4. HP: 36/36 MP: 5/9
  1806 | D:2      | Reached skill level 1 in Fire Magic
  2242 | D:3      | Found a runed translucent gate.
  2242 | D:3      | Found a runed translucent gate.
  2244 | D:3      | Found a runed translucent gate.
  2245 | D:3      | Noticed forest's ghost (weakling SpAs)
  2286 | D:3      | Killed forest's ghost
  2286 | D:3      | Reached skill level 1 in Air Magic
  2385 | D:3      | Slain by an adder

Levels and vault maps discovered:
D:1:      eino_arrival_cavern_a, layout_rooms
D:2:      layout_basic, serial_forest, infiniplex_forest_lined_room_2,
          infiniplex_forest_lined_2, infiniplex_forest_clump_medium,
          infiniplex_forest_straight_5, infiniplex_forest_clump_tiny,
          minivault_14
D:3:      layout_loops_cross, old_standard_altar, first_ration,
          ebering_ghost_rock_garden, chequers_garden,
          nemelex_lonely_heart_becter, uniq_sigmund

Skill      XL: |  1  2  3  4 |
---------------+-------------+-----
Conjurations   | 2 |  2.5
Poison Magic   | 1 |  1.7
Fire Magic     | 1 |  1.3
Air Magic      | 1 |  1.1
Dodging        | |  1.5
Stealth        | |  3.0
Spellcasting   | |  3.5
Summonings     | |  1.0
Translocations | |  1.6

Action                   |  1- 3 |  4- 6 || total
-------------------------+-------+-------++-------
Melee: Dagger            |    36 |    12 ||    48
 Cast: Magic Dart        |    75 |    34 ||   109
       Conjure Flame     |       |     2 ||     2
 Abil: Spit Poison       |    24 |     6 ||    30
  Use: Potion            |       |     3 ||     3
 Stab: Sleeping          |     1 |       ||     1
  Eat: Chunk             |     2 |     3 ||     5
Armor: Robe              |    10 |     4 ||    14
Dodge: Dodged            |    37 |    11 ||    48

Table legend:
 A = Non-vault XP
 B = Vault XP
 C = Vault XP percentage of total XP
 D = Non-vault monster count
 E = Vault monster count
 F = Vault count percentage of total count
                 A         B        C        D         E       F
            +---------+---------+-------+---------+---------+-------
      Total |     109 |      45 |  29.2 |      52 |       1 |   1.9
            +---------+---------+-------+---------+---------+-------
        D:1 |      49 |       0 |   0.0 |      29 |       0 |   0.0
        D:2 |      51 |       0 |   0.0 |      18 |       0 |   0.0
        D:3 |       9 |      45 |  83.3 |       5 |       1 |  16.7
            +---------+---------+-------+---------+---------+-------
